 Dungeon Crawl Stone Soup version 0.29.1 (webtiles) character file.

Game seed: 8032271506587252115

281056 qw the Slayer (level 20, -2/205 HPs)
             Began as a Minotaur Berserker on Sept 13, 2022.
             Was an Elder of Trog.
             Slain by Jory
             ... wielding a +2 great sword
              (37 damage)
             ... on level 4 of the Vaults.
             The game lasted 00:16:45 (43586 turns).

qw the Slayer (Minotaur Berserker)                 Turns: 43586, Time: 00:16:46

Health: -2/205     AC: 36    Str: 39    XL:     20   Next: 7%
Magic:  19/19      EV: 11    Int:  3    God:    Trog [****..]
Gold:   4294       SH: 19    Dex:  8    Spells: 19/19 levels left

rFire   . . .      SeeInvis .   Y - +3 broad axe (freeze)
rCold   + . .      Faith    .   v - +1 kite shield of Distant Shores {rElec Regen+ Str+4 Int-5}
rNeg    + . .      Spirit   .   y - +2 plate armour {Will+}
rPois   .          Reflect  +   g - +2 hat {Stlth+}
rElec   +          Harm     .   n - +2 cloak {rCorr}
rCorr   +          Rampage  .   B - +0 pair of gloves of Qoasar {rC+ rN+}
Will    ++++.                   A - +1 pair of boots {Fly}
Stlth   ..........              q - amulet of reflection
HPRegen 2.24/turn               s - +4 ring of protection
MPRegen 0.16/turn               p - +6 ring of strength

@: about to teleport, strong-willed, on berserk cooldown, flying, regenerating,
slowed, very slow
A: horns 2, retaliatory headbutt, clever 1, clumsy 1
}: 1/15 runes: gossamer
a: Renounce Religion, Berserk, Trog's Hand, Brothers in Arms


You were on level 4 of the Vaults.
You worshipped Trog.
Trog was greatly pleased with you.
You visited 6 branches of the dungeon, and saw 33 of its levels.

You collected 4324 gold pieces.
You spent 30 gold pieces at shops.


Innate Abilities, Weirdness & Mutations

You have a pair of horns on your head.
You reflexively headbutt those who attack you in melee.
Your mind is acute. (Int +4, Str/Dex -1)
You are clumsy. (Dex -2)


   Skills:
 - Level 23.7 Fighting
 - Level 18.0 Axes
 + Level 11.7 Throwing
 - Level 21.0 Armour
 - Level 9.0 Dodging
 - Level 19.0 Shields


You had 19 spell levels left.
You didn't know any spells.
Your spell library was empty.

Inventory:

Hand Weapons
 Y - a +3 broad axe of freezing (weapon)
Missiles
 i - 25 boomerangs
 l - a silver javelin (quivered)
 w - 2 javelins
Armour
 b - a +0 tower shield
 g - a +2 hat of stealth (worn)
 j - the +2 hat of Disguise {Harm rPois Str+4 Dex+4}
   (You acquired it on level 3 of the Dungeon)

   Str:       It affects your strength (+4).
   Dex:       It affects your dexterity (+4).
   rPois:     It protects you from poison.
   Harm:      It increases damage dealt and taken.
 n - a +2 cloak of preservation (worn)
 o - a +3 plate armour
 v - the +1 kite shield of Distant Shores (worn) {rElec Regen+ Str+4 Int-5}
   (You acquired it on level 1 of the Vaults)

   Str:       It affects your strength (+4).
   Int:       It affects your intelligence (-5).
   rElec:     It insulates you from electricity.
   Regen:     It increases your rate of health regeneration.
 y - a +2 plate armour of willpower (worn)
 z - a +2 pair of gloves
 A - a +1 pair of boots of flying (worn)
 B - the +0 pair of gloves of Qoasar (worn) {rC+ rN+}
   (You found it on level 4 of the Spider Nest)

   rC:        It protects you from cold.
   rN:        It protects you from negative energy.
Jewellery
 c - a ring of fire
 p - a +6 ring of strength (right hand)
 q - an amulet of reflection (around neck)
 s - a +4 ring of protection (left hand)
 t - the ring of Allinocs {+Blink rC++ MP+9 Int-5}
   (You found it on level 1 of the Vaults)

   [ring of magical power]

   Int:       It affects your intelligence (-5).
   rC:        It greatly protects you from cold.
   MP:        It affects your magic capacity (+9).
   +Blink:    It lets you blink.
 x - a ring of protection from fire
Scrolls
 e - 4 scrolls of teleportation
 r - 20 scrolls of identify
Potions
 a - 10 potions of curing
 d - 2 potions of haste
 f - 3 potions of mutation
 h - 4 potions of might
 k - 3 potions of heal wounds
 m - 4 potions of cancellation
 u - a potion of resistance

Dungeon Overview and Level Annotations

Branches:
Dungeon (15/15)            Temple (0/1) D:7            Lair (5/5) D:10
 Shoals (3/4) Lair:2       Spider (4/4) Lair:3        Slime (0/5) Lair:5
    Orc (2/2) D:12            Elf (0/3) Orc:2        Vaults (4/5) D:13
  Crypt (0/3) Vaults:3     Depths (0/4) D:15

Altars:
Ashenzari
Dithmenos
Elyvilon
Fedhas
Gozag
Makhleb
Nemelex Xobeh
Qazlal
Ru
Trog
Uskayaw
Wu Jian
Xom
Zin
The Shining One
Jiyva

Shops:
Orc:2 :(*(   Vaults:1 [   Vaults:3 (

Portals:
Trove: Vaults:3 (give 9 potions of haste)

Annotations:
D:1 1 runed translucent door
Lair:1 2 transporters, qw's ghost, journeyman MiFi
Shoals:1 1 runed translucent door, KappaVara's ghost, adept DsFi
Vaults:1 2 transporters, wjh11's ghost, veteran MiBe
Vaults:4 Jory; Mara


Message History

Trog appreciates your killing of a magic user.
You closely miss the vault guard.
You hit the vault warden but do no damage.
You hear a shout!
The ironbound convoker casts a spell at something.
Jory the Bloodstained Count comes into view.
He is wielding a +2 great sword.
The vault warden hits you but does no damage.
The vault guard hits you but does no damage.
Jory shouts!
You completely miss the vault guard. Your headbutt misses the vault guard.
The vault guard is moderately wounded.
You barely miss the vault warden. You block the vault warden's attack.
Jory gestures at you while chanting.
Jory blinks!
An ironbound preserver comes into view. It is wielding a +0 morningstar.
The vault guard hits you but does no damage.
You slice the vault guard!! You freeze the vault guard.
The vault guard is severely wounded.
You barely miss the vault guard. You barely miss Jory.
You completely miss the vault warden. You block the vault guard's attack.
Jory casts a spell.
Jory attempts to bespell you! You resist with almost no effort.
The vault warden hits you with a +0 long sword!
The vault guard hits you with a +0 war axe!
43586 ||| READING 5 scrolls of teleportation.
As you read the scroll of teleportation, it crumbles to dust.
You feel strangely unstable.
You hear a shout!
A tengu reaver comes into view. It is wielding a +0 war axe.
The vault guard misses you.
The ironbound convoker casts a spell at the ironbound preserver.
The ironbound preserver seems to grow stronger.
The vault warden hits you with a +0 long sword!
You block Jory's attack. Jory bites you!
Jory draws strength from your injuries! You block the vault guard's attack. x2
The vault guard hits you but does no damage.
Jory hits you with a +2 great sword!!!
You die...

##### #...#
#...# #...# #
#####...#####
#
#...........#.
#
#....)).....+.
#
#....V@p....#
#
#####ppp#####
# #...# ##
#.p.# #. #...#
## #p### # #p
# #. # #


You could see Jory (strong), an ironbound preserver (strong), a vault warden, 3
vault guards and 2 ironbound convokers.

Vanquished Creatures
  Boris (Vaults:3)
  A lich (Vaults:3)
  Mlioglotl (Shoals:3)
  A kraken (Shoals:1)
  Gastronok (Lair:2)
  A sphinx (Vaults:2)
  2 tengu reavers
  Roxanne (Shoals:3)
  A frost giant (Vaults:2)
  4 emperor scorpions
  2 ghost moths (Spider:3)
  An orc warlord (Vaults:3)
  13 vault wardens
  19 ironbound preservers
  A broodmother (Spider:4)
  10 ironbound thunderhulks
  2 entropy weavers
  4 dire elephants (Vaults:4)
  A spark wasp (Spider:4)
  A deep elf annihilator (Vaults:2)
  2 crystal guardians (Vaults:3)
  4 ettins
  3 fire dragons
  4 merfolk impalers (Shoals:1)
  Josephine (Lair:5)
  6 yaktaur captains
  6 great orbs of eyes
  13 vault guards
  10 boulder beetles
  6 ironbound frosthearts
  A peacekeeper (Vaults:3)
  5 hydras
  2 merfolk avatars
  3 radroaches
  A catoblepas (Lair:5)
  4 merfolk aquamancers (Shoals:2)
  14 centaur warriors
  A satyr (Shoals:2)
  3 death yaks (Lair:5)
  A tengu warrior (D:14)
  3 two-headed ogres
  A death scarab (Spider:2)
  9 skeletal warriors
  3 pharaoh ants
  7 sun moths
  7 steelbarb worms
  12 orb spiders
  Lodul (D:10)
  45 deep trolls
  A glowing orange brain (Vaults:1)
  4 sea snakes
  5 wizards
  10 lindwurms
  2 necromancers
  17 ironbound convokers
  Pikel (D:8)
  29 wolf spiders
  2 deep elf pyromancers
  9 harpies
  10 orc knights
  11 fauns
  A tengu skeleton (Vaults:2)
  3 orc sorcerers
  5 ugly things
  6 cyclopes
  8 manticores
  5 merfolk sirens
  5 moths of wrath
  An elf zombie (Vaults:2)
  9 elephants
  4 centaur zombies (D:15)
  13 vault sentinels
  A gargoyle (D:8)
  12 cane toads
  4 black mambas
  8 torpor snails
  2 kobold demonologists (D:12)
  30 yaktaurs
  Maggie (D:7)
  12 demonic crawlers
  A rime drake (Lair:2)
  9 komodo dragons
  2 ice devils (Lair:3)
  2 freezing wraiths
  12 merfolk
  A troll (shapeshifter) (D:13)
  5 meliai
  2 polar bears (Vaults:3)
  8 trolls
  A tyrant leech (shapeshifter) (D:13)
  3 wind drakes (Shoals:2)
  27 tarantellas
  4 snapping turtles
  31 slime creatures
  5 dream sheep
  15 blink frogs
  19 jumping spiders
  A meliai zombie (D:15)
  18 culicivoras
  11 water elementals
  3 shadows
  A spriggan (shapeshifter) (D:15)
  4 vampires
  8 wyverns
  6 wraiths
  37 yaks
  3 steam dragons
  7 basilisks
  42 redbacks
  12 wargs
  4 acid dragons
  15 water moccasins
  A swamp drake (Lair:5)
  2 sky beasts (D:7)
  15 ogres
  35 orc warriors
  6 boggarts
  4 ice beasts
  13 wolves
  2 lemures (D:8)
  18 centaurs
  3 kobold brigands
  11 bullfrogs
  A scorpion (D:5)
  3 necrophages
  2 gnoll sergeants
  7 wights (D:9)
  9 killer bees (D:8)
  An electric eel (D:10)
  4 howler monkeys
  4 hounds
  A jelly (D:6)
  8 orc priests
  13 iguanas
  18 orc wizards
  10 gnolls
  6 adders
  A white imp (D:5)
  2 worms
  2 dart slugs
  80 orcs
  4 bats
  7 endoplasms
  4 giant cockroaches
  8 goblins
  9 hobgoblins
  7 jackals
  25 kobolds
  A quokka (D:2)
  8 ball pythons
  9 frilled lizards
  7 rats
  4 tentacles (Shoals:1)
1171 creatures vanquished.

Vanquished Creatures (collateral kills)
  An emperor scorpion (Spider:4)
  An ironbound thunderhulk (Vaults:4)
  2 hydras
  7 orb spiders
  A swamp dragon (Lair:5)
  A deep elf pyromancer (D:8)
  A lindwurm (D:13)
  A wolf spider (Spider:3)
  3 elephants (Lair:1)
  A demonic crawler (Spider:4)
  4 blink frogs
  2 jumping spiders (Spider:3)
  A yak (Lair:5)
  2 basilisks
  A redback (Spider:3)
  A water moccasin (Lair:1)
  3 wolves
33 creatures vanquished.

Vanquished Creatures (others)
  Nessos (D:14)
  A demonic crawler (Spider:4)
  An orc priest (D:8)
  An iguana (Lair:5)
  A kobold (D:8)
  A quokka (D:14)
  27 fungi
  119 plants
  10 tentacles (Shoals:1)
  A withered plant (D:15)
163 creatures vanquished.

Grand Total: 1367 creatures vanquished

Notes
Turn   | Place    | Note
-------+----------+-------------------------------------------
     0 | D:1      | qw the Minotaur Berserker began the quest for the Orb.
     0 | D:1      | Reached XP level 1. HP: 19/19 MP: 0/0
     0 | D:1      | 0 ||| qw: Version: 0.1-a-119-g272c26d
     0 | D:1      | 0 ||| qw: Game counter: 11075
     0 | D:1      | 0 ||| qw: Always use a shield: true
     0 | D:1      | 0 ||| qw: Do Orc after D:15 true
     0 | D:1      | 0 ||| qw: Do second Lair branch before Depths: true
     0 | D:1      | 0 ||| qw: Lair rune preference: random
     0 | D:1      | 0 ||| qw: Plans: Normal
     0 | D:1      | 0 ||| PLANNING D:1-11
     1 | D:1      | Found a runed translucent door.
   198 | D:1      | Reached XP level 2. HP: 23/26 MP: 1/1
   613 | D:1      | Found a faded altar of an unknown god.
   886 | D:1      | 886 ||| DROPPING orb of guile.
   887 | D:1      | 887 ||| READING scroll labelled ULUNOU JUODOTI.
   928 | D:1      | 928 ||| READING scroll labelled GAZXAF YPRI.
   929 | D:1      | 929 ||| READING scroll labelled DYERIKK KEKH.
   983 | D:2      | Reached XP level 3. HP: 27/31 MP: 2/2
   988 | D:2      | 988 ||| FLEEEEING.
  1043 | D:2      | Reached ** piety under Trog
  1129 | D:2      | 1129 ||| Stepping ~*~*~tactically~*~*~ (stealth).
  1139 | D:2      | 1139 ||| Stepping ~*~*~tactically~*~*~ (stealth).
  1298 | D:2      | 1298 ||| INVOKING Berserk.
  1311 | D:2      | Reached skill level 6 in Axes
  1311 | D:2      | Reached XP level 4. HP: 27/39 MP: 3/3
  1467 | D:2      | 1467 ||| DROPPING +0 whip.
  1493 | D:2      | 1493 ||| Stepping ~*~*~tactically~*~*~ (stealth).
  1596 | D:2      | 1596 ||| Stepping ~*~*~tactically~*~*~ (stealth).
  1599 | D:2      | 1599 ||| Stepping ~*~*~tactically~*~*~ (stealth).
  1601 | D:2      | 1601 ||| Stepping ~*~*~tactically~*~*~ (stealth).
  1603 | D:2      | 1603 ||| Stepping ~*~*~tactically~*~*~ (stealth).
  1608 | D:2      | 1608 ||| Stepping ~*~*~tactically~*~*~ (stealth).
  1611 | D:2      | 1611 ||| Stepping ~*~*~tactically~*~*~ (stealth).
  1664 | D:2      | 1664 ||| Stepping ~*~*~tactically~*~*~ (stealth).
  1700 | D:2      | 1700 ||| Stepping ~*~*~tactically~*~*~ (hiding).
  1957 | D:2      | 1957 ||| UPGRADING to +0 steam dragon scales.
  1967 | D:2      | 1967 ||| DROPPING +0 animal skin.
  1968 | D:2      | 1968 ||| UPGRADING to +0 plate armour.
  1978 | D:2      | 1978 ||| DROPPING +0 steam dragon scales.
  1979 | D:2      | 1979 ||| READING 2 scrolls labelled OSUMYJ ZUTI.
  2117 | D:2      | 2117 ||| READING scroll labelled VIKKAO MAOFIGG.
  2117 | D:2      | Identified a scroll of acquirement
  2117 | D:2      | 2117 ||| ACQUIRING +3 warlock's mirror {reflect}
  2117 | D:2      | Acquired the +3 warlock's mirror {reflect}
  2117 | D:2      | Found the +3 warlock's mirror {reflect}
  2119 | D:2      | 2119 ||| UPGRADING to +3 warlock's mirror {reflect}.
  2124 | D:2      | 2124 ||| READING scroll labelled PEURGH ONABE.
  2125 | D:2      | 2125 ||| DROPPING scroll of torment.
  2267 | D:3      | Found a bloodstained altar of Trog.
  2298 | D:3      | Found an ornate altar of the Wu Jian Council.
  2331 | D:3      | 2331 ||| Stepping ~*~*~tactically~*~*~ (stealth).
  2344 | D:3      | Reached *** piety under Trog
  2522 | D:3      | Reached skill level 1 in Shields
  2537 | D:3      | 2537 ||| Stepping ~*~*~tactically~*~*~ (stealth).
  2547 | D:3      | 2547 ||| READING scroll of acquirement.
  2547 | D:3      | 2547 ||| ACQUIRING +2 hat of Disguise {Harm rPois Str+4
                  | Dex+4}
  2547 | D:3      | Acquired the +2 hat of Disguise {Harm rPois Str+4 Dex+4}
  2549 | D:3      | 2549 ||| UPGRADING to +2 hat of Disguise {Harm rPois Str+4
                  | Dex+4}.
  2749 | D:3      | Reached XP level 5. HP: 45/45 MP: 4/4
  3336 | D:3      | 3336 ||| UPGRADING to amulet of reflection.
  3341 | D:3      | 3341 ||| READING scroll labelled HOOLILAF SOLUA.
  3342 | D:3      | 3342 ||| READING scroll labelled ZUCWUPN LOLAOP.
  3343 | D:3      | 3343 ||| READING scroll labelled REDESA HINENA.
  3344 | D:3      | 3344 ||| DRINKING 2 golden potions.
  3345 | D:3      | 3345 ||| DRINKING 2 dark potions.
  3386 | D:4      | 3386 ||| STAIRDANCE
  3414 | D:4      | Found a glowing golden altar of the Shining One.
  3497 | D:4      | Noticed a +4 hand axe
  3498 | D:4      | Noticed a +0 dagger
  3502 | D:4      | Found a hide-covered altar of Uskayaw.
  3564 | D:4      | Noticed an ogre
  3568 | D:4      | 3568 ||| INVOKING Berserk.
  3571 | D:4      | Killed an ogre
  3773 | D:4      | Found a sacrificial altar of Ru.
  3778 | D:4      | Reached skill level 4 in Fighting
  3778 | D:4      | Reached XP level 6. HP: 52/52 MP: 5/5
  3863 | D:4      | 3863 ||| INVOKING Berserk.
  3866 | D:4      | Reached skill level 3 in Armour
  3998 | D:4      | 3998 ||| Stepping ~*~*~tactically~*~*~ (stealth).
  3999 | D:4      | 3999 ||| Stepping ~*~*~tactically~*~*~ (stealth).
  4026 | D:4      | 4026 ||| READING scroll of enchant armour.
  4026 | D:4      | 4026 ||| ENCHANTING +0 plate armour.
  4175 | D:4      | 4175 ||| READING scroll labelled ZUEPTO LISONNA.
  4176 | D:4      | 4176 ||| DRINKING 3 grey potions.
  4176 | D:4      | Gained mutation: Potions are less effective at restoring
                  | your health. [potion of mutation]
  4176 | D:4      | Gained mutation: You have a pair of large horns on your
                  | head. [potion of mutation]
  4177 | D:4      | 4177 ||| DRINKING 2 potions of mutation.
  4177 | D:4      | Lost mutation: You have a pair of large horns on your head.
                  | [potion of mutation]
  4177 | D:4      | Lost mutation: Potions are less effective at restoring your
                  | health. [potion of mutation]
  4177 | D:4      | Gained mutation: Your magical capacity is low. (-10% MP)
                  | [potion of mutation]
  4177 | D:4      | Gained mutation: Potions are less effective at restoring
                  | your health. [potion of mutation]
  4177 | D:4      | Gained mutation: You have very sharp teeth. [potion of
                  | mutation]
  4178 | D:4      | 4178 ||| DRINKING potion of mutation.
  4178 | D:4      | Lost mutation: Potions are less effective at restoring your
                  | health. [potion of mutation]
  4178 | D:4      | Lost mutation: Your magical capacity is low. (-10% MP)
                  | [potion of mutation]
  4178 | D:4      | Lost mutation: You have very sharp teeth. [potion of
                  | mutation]
  4178 | D:4      | Gained mutation: Your mind is acute. (Int +4, Str/Dex -1)
                  | [potion of mutation]
  4178 | D:4      | Gained mutation: You are clumsy. (Dex -2) [potion of
                  | mutation]
  4190 | D:4      | 4190 ||| UPGRADING to +2 hat of Disguise {Harm rPois Str+4
                  | Dex+4}.
  4239 | D:5      | Entered Level 5 of the Dungeon
  4239 | D:5      | Noticed an ice beast
  4240 | D:5      | 4240 ||| INVOKING Berserk.
  4242 | D:5      | Killed an ice beast
  4243 | D:5      | Reached XP level 7. HP: 59/59 MP: 6/6
  4246 | D:5      | 4246 ||| STAIRDANCE
  4388 | D:5      | Reached skill level 9 in Axes
  4450 | D:5      | 4450 ||| Stepping ~*~*~tactically~*~*~ (hiding).
  4454 | D:5      | 4454 ||| INVOKING Berserk.
  4606 | D:5      | Reached skill level 3 in Shields
  4891 | D:5      | Reached skill level 5 in Fighting
  5064 | D:5      | 5064 ||| Stepping ~*~*~tactically~*~*~ (hiding).
  5068 | D:5      | 5068 ||| Stepping ~*~*~tactically~*~*~ (hiding).
  5074 | D:5      | 5074 ||| Stepping ~*~*~tactically~*~*~ (stealth).
  5088 | D:5      | 5088 ||| Stepping ~*~*~tactically~*~*~ (stealth).
  5091 | D:5      | 5091 ||| Stepping ~*~*~tactically~*~*~ (stealth).
  5126 | D:5      | 5126 ||| Stepping ~*~*~tactically~*~*~ (hiding).
  5538 | D:5      | 5538 ||| READING scroll labelled SERCHU JIWKE.
  5539 | D:5      | 5539 ||| READING 4 scrolls of identify.
  5539 | D:5      | 5539 ||| IDENTIFYING fizzy ruby potion
  5540 | D:5      | 5540 ||| READING 3 scrolls of identify.
  5540 | D:5      | 5540 ||| IDENTIFYING murky grey potion
  5541 | D:5      | 5541 ||| READING 2 scrolls of identify.
  5541 | D:5      | 5541 ||| IDENTIFYING coppery potion
  5542 | D:5      | 5542 ||| DROPPING potion of berserk rage.
  5543 | D:5      | 5543 ||| DROPPING potion of attraction.
  5563 | D:6      | 5563 ||| READING scroll of enchant armour.
  5563 | D:6      | 5563 ||| ENCHANTING +1 plate armour.
  5646 | D:6      | 5646 ||| INVOKING Berserk.
  5782 | D:6      | Found a sacrificial altar of Ru.
  5850 | D:6      | Reached XP level 8. HP: 69/69 MP: 7/7
  6121 | D:6      | Found a shadowy altar of Dithmenos.
  6146 | D:6      | 6146 ||| READING 2 scrolls labelled SUSUS JUOPPIWK.
  6147 | D:6      | 6147 ||| READING scroll labelled MAZIAGHOIG.
  6148 | D:6      | 6148 ||| DRINKING 2 viscous golden potions.
  6185 | D:6      | 6185 ||| DROPPING scroll of poison.
  6186 | D:6      | 6186 ||| DROPPING potion of lignification.
  6218 | D:7      | Reached skill level 1 in Throwing
  6332 | D:7      | 6332 ||| INVOKING Berserk.
  6463 | D:7      | Reached skill level 6 in Fighting
  6495 | D:7      | Noticed Maggie
  6496 | D:7      | 6496 ||| Stepping ~*~*~tactically~*~*~ (hiding).
  6514 | D:7      | Killed Maggie
  6515 | D:7      | 6515 ||| INVOKING Berserk.
  6707 | D:7      | 6707 ||| SWAPPING to +0 broad axe.
  6708 | D:7      | 6708 ||| DROPPING +0 hand axe.
  6733 | D:7      | Identified the +2 quarterstaff of Corporal Punishment
                  | {speed, rPois rF+ rN+}
  6786 | D:7      | Reached **** piety under Trog
  6879 | D:7      | 6879 ||| INVOKING Berserk.
  7073 | D:7      | Reached XP level 9. HP: 75/75 MP: 8/8
  7175 | D:7      | Reached skill level 12 in Axes
  7222 | D:7      | Found a staircase to the Ecumenical Temple.
  7407 | D:7      | 7407 ||| DRINKING 2 metallic golden potions.
  7439 | D:8      | 7439 ||| Stepping ~*~*~tactically~*~*~ (hiding).
  7441 | D:8      | Noticed a centaur warrior
  7447 | D:8      | Killed a centaur warrior
  7448 | D:8      | Reached skill level 8 in Fighting
  7449 | D:8      | 7449 ||| INVOKING Berserk.
  7464 | D:8      | Noticed a centaur warrior
  7466 | D:8      | Killed a centaur warrior
  7467 | D:8      | Noticed a centaur warrior
  7476 | D:8      | Killed a centaur warrior
  7477 | D:8      | Reached XP level 10. HP: 40/89 MP: 9/9
  7747 | D:8      | Noticed a two-headed ogre
  7752 | D:8      | 7752 ||| INVOKING Berserk.
  7757 | D:8      | Killed a two-headed ogre
  7758 | D:8      | Reached skill level 6 in Shields
  7888 | D:8      | You fall into a shaft and drop 3 floors!
  7889 | D:11     | 7889 ||| UPGRADING to +4 ring of protection.
  7898 | D:10     | Entered Level 10 of the Dungeon
  7903 | D:10     | Found a shimmering altar of Xom.
  7913 | D:10     | Noticed Lodul
  7917 | D:10     | Reached skill level 6 in Armour
  7917 | D:10     | 7917 ||| INVOKING Berserk.
  7920 | D:10     | Killed Lodul
  7950 | D:10     | 7950 ||| Stepping ~*~*~tactically~*~*~ (stealth).
  7957 | D:10     | 7957 ||| Stepping ~*~*~tactically~*~*~ (stealth).
  7958 | D:10     | 7958 ||| FLEEEEING.
  7959 | D:10     | 7959 ||| FLEEEEING.
  7961 | D:10     | 7961 ||| FLEEEEING.
  7962 | D:10     | 7962 ||| FLEEEEING.
  7963 | D:10     | 7963 ||| STAIRDANCE
  8075 | D:8      | 8075 ||| Stepping ~*~*~tactically~*~*~ (stealth).
  8095 | D:8      | Noticed a two-headed ogre
  8099 | D:8      | 8099 ||| INVOKING Berserk.
  8105 | D:8      | Killed a two-headed ogre
  8106 | D:8      | Reached skill level 15 in Axes
  8227 | D:8      | Found a glowing silver altar of Zin.
  8286 | D:8      | Noticed Pikel
  8287 | D:8      | 8287 ||| Stepping ~*~*~tactically~*~*~ (stealth).
  8289 | D:8      | 8289 ||| Stepping ~*~*~tactically~*~*~ (stealth).
  8304 | D:8      | Killed Pikel
  8305 | D:8      | Reached skill level 9 in Fighting
  8374 | D:8      | Noticed a gargoyle
  8377 | D:8      | 8377 ||| Stepping ~*~*~tactically~*~*~ (hiding).
  8385 | D:8      | Killed a gargoyle
  8386 | D:8      | Reached XP level 11. HP: 97/97 MP: 10/10
  8502 | D:8      | Noticed a skeletal warrior
  8504 | D:8      | 8504 ||| INVOKING Berserk.
  8512 | D:8      | Killed a skeletal warrior
  8587 | D:8      | Noticed a five-headed hydra
  8588 | D:8      | 8588 ||| INVOKING Brothers in Arms.
  8589 | D:8      | 8589 ||| SWAPPING to +0 flail.
  8590 | D:8      | 8590 ||| INVOKING Berserk.
  8593 | D:8      | Killed a five-headed hydra
  8597 | D:8      | Noticed a deep elf pyromancer
  8600 | D:8      | 8600 ||| SWAPPING to +0 broad axe.
  8603 | D:8      | Killed a deep elf pyromancer
  8947 | D:8      | 8947 ||| Stepping ~*~*~tactically~*~*~ (stealth).
  8962 | D:8      | 8962 ||| DROPPING +0 flail.
  9029 | D:8      | 9029 ||| READING scroll labelled TOAWOD IHISS.
  9030 | D:8      | 9030 ||| DRINKING 2 brown potions.
  9031 | D:8      | 9031 ||| READING 3 scrolls of identify.
  9031 | D:8      | 9031 ||| IDENTIFYING inky potion
  9032 | D:8      | 9032 ||| READING 2 scrolls of identify.
  9032 | D:8      | 9032 ||| IDENTIFYING yellow potion
  9033 | D:8      | 9033 ||| DROPPING potion of magic.
  9034 | D:8      | 9034 ||| DROPPING potion of brilliance.
  9070 | D:9      | 9070 ||| Stepping ~*~*~tactically~*~*~ (stealth).
  9114 | D:9      | 9114 ||| INVOKING Berserk.
  9129 | D:9      | 9129 ||| Stepping ~*~*~tactically~*~*~ (stealth).
  9130 | D:9      | 9130 ||| Stepping ~*~*~tactically~*~*~ (stealth).
  9307 | D:9      | Found a stormy altar of Qazlal.
  9755 | D:9      | 9755 ||| Stepping ~*~*~tactically~*~*~ (hiding).
 10118 | D:9      | 10118 ||| DROPPING scarf of shadows.
 10119 | D:9      | 10119 ||| READING 3 scrolls of identify.
 10119 | D:9      | 10119 ||| IDENTIFYING red potion
 10120 | D:9      | 10120 ||| READING 2 scrolls of identify.
 10120 | D:9      | 10120 ||| IDENTIFYING sedimented amethyst potion
 10121 | D:9      | 10121 ||| DROPPING potion of flight.
 10138 | D:10     | 10138 ||| Stepping ~*~*~tactically~*~*~ (hiding).
 10140 | D:10     | 10140 ||| Stepping ~*~*~tactically~*~*~ (hiding).
 10291 | D:10     | Reached skill level 10 in Fighting
 10528 | D:10     | 10528 ||| READING scroll of enchant armour.
 10528 | D:10     | 10528 ||| ENCHANTING +2 plate armour.
 10576 | D:10     | 10576 ||| Stepping ~*~*~tactically~*~*~ (stealth).
 10617 | D:10     | 10617 ||| INVOKING Berserk.
 10727 | D:10     | Found a staircase to the Lair.
 10813 | D:10     | Found a blossoming altar of Fedhas.
 10873 | D:10     | 10873 ||| FLEEEEING.
 10874 | D:10     | 10874 ||| FLEEEEING.
 10876 | D:10     | 10876 ||| FLEEEEING.
 10878 | D:10     | 10878 ||| FLEEEEING.
 11028 | D:10     | 11028 ||| FLEEEEING.
 11029 | D:10     | 11029 ||| FLEEEEING.
 11049 | D:10     | 11049 ||| INVOKING Berserk.
 11173 | D:10     | 11173 ||| UPGRADING to +6 ring of strength.
 11229 | D:11     | Found a sacrificial altar of Ru.
 11268 | D:11     | 11268 ||| INVOKING Berserk.
 11275 | D:11     | Noticed a boulder beetle
 11301 | D:11     | Killed a boulder beetle
 11466 | D:11     | 11466 ||| Stepping ~*~*~tactically~*~*~ (hiding).
 11787 | D:11     | Noticed a two-headed ogre
 11792 | D:11     | 11792 ||| INVOKING Berserk.
 11796 | D:11     | Killed a two-headed ogre
 12015 | D:11     | 12015 ||| Stepping ~*~*~tactically~*~*~ (stealth).
 12016 | D:11     | 12016 ||| Stepping ~*~*~tactically~*~*~ (stealth).
 12017 | D:11     | 12017 ||| Stepping ~*~*~tactically~*~*~ (stealth).
 12027 | D:11     | Noticed a skeletal warrior
 12034 | D:11     | Reached skill level 18 in Axes
 12034 | D:11     | Noticed a skeletal warrior
 12035 | D:11     | 12035 ||| INVOKING Berserk.
 12037 | D:11     | Noticed a skeletal warrior
 12039 | D:11     | Noticed a skeletal warrior
 12041 | D:11     | Killed a skeletal warrior
 12042 | D:11     | Reached XP level 12. HP: 106/106 MP: 11/11
 12054 | D:11     | Reached skill level 11 in Fighting
 12060 | D:11     | 12060 ||| Stepping ~*~*~tactically~*~*~ (stealth).
 12062 | D:11     | 12062 ||| Stepping ~*~*~tactically~*~*~ (stealth).
 12264 | D:11     | 12264 ||| READING 2 scrolls of identify.
 12264 | D:11     | 12264 ||| IDENTIFYING bubbling red potion
 12265 | D:11     | 12265 ||| DROPPING potion of invisibility.
 12312 | D:10     | Found a broken altar of Ashenzari.
 12316 | D:10     | 12316 ||| PLANNING LAIR
 12358 | Lair:1   | Entered Level 1 of the Lair of Beasts
 12362 | Lair:1   | Noticed qw's ghost (journeyman MiFi)
 12470 | Lair:1   | 12470 ||| Stepping ~*~*~tactically~*~*~ (stealth).
 12590 | Lair:1   | Found a transporter.
 12597 | Lair:1   | Found a transporter.
 12668 | Lair:1   | Noticed a seven-headed hydra
 12669 | Lair:1   | 12669 ||| INVOKING Brothers in Arms.
 12672 | Lair:1   | 12672 ||| SWAPPING to +0 morningstar.
 12673 | Lair:1   | 12673 ||| INVOKING Berserk.
 12676 | Lair:1   | Killed a seven-headed hydra
 12684 | Lair:1   | Reached skill level 9 in Armour
 12687 | Lair:1   | 12687 ||| SWAPPING to +0 broad axe.
 12694 | Lair:1   | Reached skill level 12 in Fighting
 13037 | Lair:1   | 13037 ||| Stepping ~*~*~tactically~*~*~ (stealth).
 13038 | Lair:1   | 13038 ||| Stepping ~*~*~tactically~*~*~ (stealth).
 13128 | Lair:1   | 13128 ||| Stepping ~*~*~tactically~*~*~ (stealth).
 13129 | Lair:1   | 13129 ||| Stepping ~*~*~tactically~*~*~ (stealth).
 13213 | Lair:2   | 13213 ||| STAIRDANCE
 13237 | Lair:2   | 13237 ||| STAIRDANCE
 13246 | Lair:1   | Reached skill level 6 in Dodging
 13321 | Lair:2   | Found a staircase to the Shoals.
 13326 | Lair:2   | Noticed Gastronok
 13330 | Lair:2   | Reached ***** piety under Trog
 13336 | Lair:2   | 13336 ||| INVOKING Berserk.
 13341 | Lair:2   | Killed Gastronok
 13391 | Lair:2   | 13391 ||| Stepping ~*~*~tactically~*~*~ (stealth).
 13639 | Lair:2   | 13639 ||| INVOKING Berserk.
 13822 | Lair:2   | 13822 ||| Stepping ~*~*~tactically~*~*~ (stealth).
 13891 | Lair:2   | 13891 ||| INVOKING Berserk.
 13894 | Lair:2   | Reached skill level 13 in Fighting
 14078 | Lair:2   | 14078 ||| INVOKING Berserk.
 14080 | Lair:2   | Reached skill level 3 in Throwing
 14080 | Lair:2   | Reached XP level 13. HP: 122/122 MP: 12/12
 14094 | Lair:2   | 14094 ||| INVOKING Brothers in Arms.
 14095 | Lair:2   | 14095 ||| INVOKING Brothers in Arms.
 14101 | Lair:2   | Reached skill level 9 in Shields
 14147 | Lair:2   | You fall into a shaft and drop 1 floor!
 14159 | Lair:3   | 14159 ||| Stepping ~*~*~tactically~*~*~ (stealth).
 14160 | Lair:3   | 14160 ||| Stepping ~*~*~tactically~*~*~ (stealth).
 14166 | Lair:3   | 14166 ||| INVOKING Berserk.
 14204 | Lair:3   | 14204 ||| Stepping ~*~*~tactically~*~*~ (stealth).
 14209 | Lair:3   | 14209 ||| INVOKING Brothers in Arms.
 14210 | Lair:3   | 14210 ||| SWAPPING to +0 morningstar.
 14211 | Lair:3   | 14211 ||| INVOKING Berserk.
 14219 | Lair:3   | 14219 ||| SWAPPING to +0 broad axe.
 14319 | Lair:3   | 14319 ||| Stepping ~*~*~tactically~*~*~ (stealth).
 14322 | Lair:3   | 14322 ||| Stepping ~*~*~tactically~*~*~ (stealth).
 14329 | Lair:3   | 14329 ||| INVOKING Berserk.
 14601 | Lair:3   | 14601 ||| UPGRADING to +1 hat of stealth.
 14625 | Lair:3   | 14625 ||| STAIRDANCE
 14942 | Lair:2   | 14942 ||| READING 3 scrolls of identify.
 14942 | Lair:2   | 14942 ||| IDENTIFYING bubbling white potion
 14943 | Lair:2   | 14943 ||| DRINKING potion of experience.
 14943 | Lair:2   | Reached skill level 15 in Fighting
 14943 | Lair:2   | Reached XP level 14. HP: 136/136 MP: 13/13
 14944 | Lair:2   | 14944 ||| READING 2 scrolls of identify.
 14944 | Lair:2   | 14944 ||| IDENTIFYING fizzy blue potion
 14945 | Lair:2   | 14945 ||| DROPPING potion of ambrosia.
 14990 | Lair:3   | 14990 ||| STAIRDANCE
 15090 | Lair:3   | Found a blossoming altar of Fedhas.
 15491 | Lair:3   | 15491 ||| INVOKING Berserk.
 15494 | Lair:3   | Found a hole to the Spider Nest.
 15715 | Lair:3   | Reached skill level 12 in Armour
 15979 | Lair:4   | 15979 ||| Stepping ~*~*~tactically~*~*~ (stealth).
 16009 | Lair:4   | 16009 ||| Stepping ~*~*~tactically~*~*~ (stealth).
 16047 | Lair:4   | 16047 ||| Stepping ~*~*~tactically~*~*~ (stealth).
 16048 | Lair:4   | 16048 ||| Stepping ~*~*~tactically~*~*~ (stealth).
 16091 | Lair:4   | 16091 ||| Stepping ~*~*~tactically~*~*~ (stealth).
 16092 | Lair:4   | 16092 ||| Stepping ~*~*~tactically~*~*~ (stealth).
 16410 | Lair:4   | Reached skill level 16 in Fighting
 16437 | Lair:4   | Identified the +7 quarterstaff of Jusax {vorpal, rPois}
 16737 | Lair:4   | 16737 ||| DROPPING ring of positive energy.
 16738 | Lair:4   | 16738 ||| DROPPING +6 ring of intelligence.
 16761 | Lair:5   | Entered Level 5 of the Lair of Beasts
 17019 | Lair:5   | 17019 ||| INVOKING Berserk.
 17286 | Lair:5   | Found a viscous altar of Jiyva.
 17288 | Lair:5   | Found a staircase to the Slime Pits.
 17322 | Lair:5   | 17322 ||| INVOKING Brothers in Arms.
 17325 | Lair:5   | 17325 ||| INVOKING Brothers in Arms.
 17326 | Lair:5   | 17326 ||| SWAPPING to +0 morningstar.
 17327 | Lair:5   | 17327 ||| INVOKING Berserk.
 17351 | Lair:5   | 17351 ||| SWAPPING to +0 broad axe.
 17549 | Lair:5   | 17549 ||| INVOKING Berserk.
 17664 | Lair:5   | Noticed Josephine
 17681 | Lair:5   | Killed Josephine
 17682 | Lair:5   | Reached skill level 17 in Fighting
 17756 | Lair:5   | 17756 ||| Stepping ~*~*~tactically~*~*~ (hiding).
 17764 | Lair:5   | 17764 ||| DRINKING potion of resistance.
 17829 | Lair:5   | 17829 ||| FLEEEEING.
 17908 | Lair:5   | 17908 ||| Stepping ~*~*~tactically~*~*~ (hiding).
 17912 | Lair:5   | 17912 ||| Stepping ~*~*~tactically~*~*~ (hiding).
 17919 | Lair:5   | 17919 ||| DRINKING 3 potions of cancellation.
 18059 | Lair:5   | 18059 ||| Stepping ~*~*~tactically~*~*~ (hiding).
 18062 | Lair:5   | 18062 ||| INVOKING Brothers in Arms.
 18063 | Lair:5   | 18063 ||| INVOKING Berserk.
 18206 | Lair:5   | 18206 ||| Stepping ~*~*~tactically~*~*~ (stealth).
 18211 | Lair:5   | 18211 ||| Stepping ~*~*~tactically~*~*~ (hiding).
 18341 | Lair:5   | 18341 ||| INVOKING Berserk.
 18576 | Lair:5   | Found a blossoming altar of Fedhas.
 18985 | Lair:5   | 18985 ||| PLANNING D
 19170 | D:12     | 19170 ||| Stepping ~*~*~tactically~*~*~ (stealth).
 19180 | D:12     | 19180 ||| Stepping ~*~*~tactically~*~*~ (stealth).
 19190 | D:12     | Reached XP level 15. HP: 147/147 MP: 14/14
 19233 | D:12     | 19233 ||| Stepping ~*~*~tactically~*~*~ (stealth).
 19234 | D:12     | 19234 ||| Stepping ~*~*~tactically~*~*~ (stealth).
 19240 | D:12     | 19240 ||| FLEEEEING.
 19241 | D:12     | 19241 ||| FLEEEEING.
 19242 | D:12     | 19242 ||| Stepping ~*~*~tactically~*~*~ (hiding).
 19256 | D:12     | 19256 ||| INVOKING Berserk.
 19298 | D:12     | 19298 ||| Stepping ~*~*~tactically~*~*~ (stealth).
 19496 | D:12     | Found a staircase to the Orcish Mines.
 19513 | D:12     | 19513 ||| Stepping ~*~*~tactically~*~*~ (cloud).
 19710 | D:12     | 19710 ||| Stepping ~*~*~tactically~*~*~ (stealth).
 19882 | D:12     | 19882 ||| UPGRADING to +0 kite shield.
 19892 | D:12     | 19892 ||| DROPPING +3 warlock's mirror {reflect}.
 19893 | D:12     | 19893 ||| UPGRADING to +1 pair of boots.
 19898 | D:12     | 19898 ||| DROPPING amulet of magic regeneration.
 19990 | D:13     | 19990 ||| Stepping ~*~*~tactically~*~*~ (stealth).
 19992 | D:13     | 19992 ||| Stepping ~*~*~tactically~*~*~ (stealth).
 20010 | D:13     | 20010 ||| READING scroll of enchant armour.
 20010 | D:13     | 20010 ||| ENCHANTING +1 hat of stealth.
 20025 | D:13     | 20025 ||| Stepping ~*~*~tactically~*~*~ (stealth).
 20074 | D:13     | 20074 ||| Stepping ~*~*~tactically~*~*~ (hiding).
 20079 | D:13     | 20079 ||| INVOKING Brothers in Arms.
 20081 | D:13     | 20081 ||| INVOKING Berserk.
 20210 | D:13     | Found a gate to the Vaults.
 20268 | D:13     | 20268 ||| Stepping ~*~*~tactically~*~*~ (hiding).
 20286 | D:13     | 20286 ||| Stepping ~*~*~tactically~*~*~ (stealth).
 20289 | D:13     | 20289 ||| Stepping ~*~*~tactically~*~*~ (stealth).
 20290 | D:13     | 20290 ||| Stepping ~*~*~tactically~*~*~ (stealth).
 20303 | D:13     | 20303 ||| Stepping ~*~*~tactically~*~*~ (stealth).
 20306 | D:13     | 20306 ||| Stepping ~*~*~tactically~*~*~ (stealth).
 20316 | D:13     | 20316 ||| Stepping ~*~*~tactically~*~*~ (stealth).
 20339 | D:13     | Reached skill level 12 in Shields
 20397 | D:13     | 20397 ||| INVOKING Brothers in Arms.
 20400 | D:13     | 20400 ||| SWAPPING to +0 morningstar.
 20401 | D:13     | 20401 ||| INVOKING Berserk.
 20406 | D:13     | 20406 ||| SWAPPING to +0 broad axe.
 20611 | D:13     | 20611 ||| UPGRADING to +0 cloak.
 20616 | D:13     | 20616 ||| DROPPING ring of ice.
 20663 | D:14     | Found a white marble altar of Elyvilon.
 20664 | D:14     | 20664 ||| Stepping ~*~*~tactically~*~*~ (hiding).
 20673 | D:14     | 20673 ||| Stepping ~*~*~tactically~*~*~ (stealth).
 20678 | D:14     | 20678 ||| Stepping ~*~*~tactically~*~*~ (hiding).
 20850 | D:14     | 20850 ||| Stepping ~*~*~tactically~*~*~ (hiding).
 20894 | D:14     | 20894 ||| Stepping ~*~*~tactically~*~*~ (stealth).
 20896 | D:14     | 20896 ||| Stepping ~*~*~tactically~*~*~ (stealth).
 20900 | D:14     | 20900 ||| SWAPPING to +0 morningstar.
 20902 | D:14     | 20902 ||| INVOKING Berserk.
 20909 | D:14     | 20909 ||| SWAPPING to +0 broad axe.
 21018 | D:14     | Identified the +7 flail "Seetti" {elec, rElec rC+ Str+2}
 21071 | D:14     | 21071 ||| Stepping ~*~*~tactically~*~*~ (stealth).
 21073 | D:14     | 21073 ||| Stepping ~*~*~tactically~*~*~ (hiding).
 21079 | D:14     | 21079 ||| Stepping ~*~*~tactically~*~*~ (hiding).
 21124 | D:14     | 21124 ||| SWAPPING to +3 broad axe.
 21125 | D:14     | 21125 ||| DROPPING +0 broad axe.
 21174 | D:14     | Noticed Nessos
 21175 | D:14     | 21175 ||| INVOKING Brothers in Arms.
 21181 | D:14     | 21181 ||| INVOKING Berserk.
 21185 | D:14     | Killed Nessos
 21858 | D:14     | 21858 ||| DROPPING ring of willpower.
 21859 | D:14     | 21859 ||| READING scroll labelled NUMAOS YTTOE.
 21869 | D:15     | Entered Level 15 of the Dungeon
 21894 | D:15     | 21894 ||| Stepping ~*~*~tactically~*~*~ (hiding).
 22028 | D:15     | Found an opulent altar of Gozag.
 22038 | D:15     | 22038 ||| INVOKING Berserk.
 22164 | D:15     | 22164 ||| INVOKING Berserk.
 22293 | D:15     | 22293 ||| SWAPPING to +7 flail "Seetti" {elec, rElec rC+
                  | Str+2}.
 22295 | D:15     | 22295 ||| INVOKING Berserk.
 22327 | D:15     | 22327 ||| SWAPPING to +3 broad axe of draining.
 22547 | D:15     | 22547 ||| Stepping ~*~*~tactically~*~*~ (stealth).
 22550 | D:15     | 22550 ||| Stepping ~*~*~tactically~*~*~ (hiding).
 22551 | D:15     | 22551 ||| Stepping ~*~*~tactically~*~*~ (hiding).
 22552 | D:15     | 22552 ||| INVOKING Berserk.
 22665 | D:15     | 22665 ||| Stepping ~*~*~tactically~*~*~ (hiding).
 22669 | D:15     | 22669 ||| INVOKING Berserk.
 22769 | D:15     | Found a staircase to the Depths.
 22908 | D:15     | Reached skill level 15 in Shields
 23010 | D:15     | 23010 ||| Stepping ~*~*~tactically~*~*~ (stealth).
 23013 | D:15     | 23013 ||| INVOKING Berserk.
 23301 | D:15     | Found a sparkling altar of Nemelex Xobeh.
 23338 | D:15     | 23338 ||| PLANNING ORC
 23425 | Orc:1    | Entered Level 1 of the Orcish Mines
 23465 | Orc:1    | 23465 ||| Stepping ~*~*~tactically~*~*~ (stealth).
 23466 | Orc:1    | 23466 ||| Stepping ~*~*~tactically~*~*~ (stealth).
 23470 | Orc:1    | 23470 ||| Stepping ~*~*~tactically~*~*~ (hiding).
 23472 | Orc:1    | 23472 ||| Stepping ~*~*~tactically~*~*~ (hiding).
 23711 | Orc:2    | Entered Level 2 of the Orcish Mines
 23715 | Orc:2    | 23715 ||| STAIRDANCE
 23780 | Orc:2    | 23780 ||| Stepping ~*~*~tactically~*~*~ (hiding).
 23782 | Orc:2    | 23782 ||| Stepping ~*~*~tactically~*~*~ (hiding).
 23786 | Orc:2    | 23786 ||| INVOKING Trog's Hand.
 23788 | Orc:2    | 23788 ||| INVOKING Berserk.
 23970 | Orc:2    | 23970 ||| INVOKING Trog's Hand.
 23973 | Orc:2    | 23973 ||| INVOKING Berserk.
 24143 | Orc:2    | 24143 ||| INVOKING Berserk.
 24194 | Orc:2    | 24194 ||| Stepping ~*~*~tactically~*~*~ (stealth).
 24195 | Orc:2    | 24195 ||| Stepping ~*~*~tactically~*~*~ (stealth).
 24215 | Orc:2    | 24215 ||| INVOKING Berserk.
 24251 | Orc:2    | 24251 ||| FLEEEEING.
 24257 | Orc:2    | 24257 ||| FLEEEEING.
 24258 | Orc:2    | 24258 ||| FLEEEEING.
 24259 | Orc:2    | 24259 ||| FLEEEEING.
 24260 | Orc:2    | 24260 ||| FLEEEEING.
 24261 | Orc:2    | 24261 ||| FLEEEEING.
 24264 | Orc:2    | 24264 ||| FLEEEEING.
 24265 | Orc:2    | 24265 ||| FLEEEEING.
 24266 | Orc:2    | 24266 ||| FLEEEEING.
 24267 | Orc:2    | 24267 ||| FLEEEEING.
 24268 | Orc:2    | 24268 ||| FLEEEEING.
 24269 | Orc:2    | 24269 ||| FLEEEEING.
 24270 | Orc:2    | 24270 ||| FLEEEEING.
 24271 | Orc:2    | 24271 ||| FLEEEEING.
 24272 | Orc:2    | 24272 ||| FLEEEEING.
 24273 | Orc:2    | 24273 ||| FLEEEEING.
 24274 | Orc:2    | 24274 ||| FLEEEEING.
 24275 | Orc:2    | 24275 ||| FLEEEEING.
 24276 | Orc:2    | 24276 ||| FLEEEEING.
 24279 | Orc:2    | 24279 ||| FLEEEEING.
 24280 | Orc:2    | 24280 ||| FLEEEEING.
 24281 | Orc:2    | 24281 ||| FLEEEEING.
 24281 | Orc:2    | Found a staircase to the Elven Halls.
 24282 | Orc:2    | 24282 ||| FLEEEEING.
 24283 | Orc:2    | 24283 ||| FLEEEEING.
 24284 | Orc:2    | 24284 ||| FLEEEEING.
 24285 | Orc:2    | 24285 ||| FLEEEEING.
 24286 | Orc:2    | 24286 ||| FLEEEEING.
 24287 | Orc:2    | 24287 ||| FLEEEEING.
 24288 | Orc:2    | 24288 ||| FLEEEEING.
 24289 | Orc:2    | 24289 ||| FLEEEEING.
 24290 | Orc:2    | 24290 ||| FLEEEEING.
 24291 | Orc:2    | 24291 ||| FLEEEEING.
 24292 | Orc:2    | 24292 ||| FLEEEEING.
 24293 | Orc:2    | 24293 ||| FLEEEEING.
 24294 | Orc:2    | 24294 ||| FLEEEEING.
 24295 | Orc:2    | 24295 ||| FLEEEEING.
 24296 | Orc:2    | 24296 ||| FLEEEEING.
 24297 | Orc:2    | 24297 ||| FLEEEEING.
 24298 | Orc:2    | 24298 ||| FLEEEEING.
 24299 | Orc:2    | 24299 ||| FLEEEEING.
 24300 | Orc:2    | 24300 ||| FLEEEEING.
 24301 | Orc:2    | 24301 ||| FLEEEEING.
 24302 | Orc:2    | 24302 ||| FLEEEEING.
 24303 | Orc:2    | 24303 ||| STAIRDANCE
 24305 | Orc:1    | 24305 ||| INVOKING Trog's Hand.
 24310 | Orc:1    | 24310 ||| INVOKING Berserk.
 24491 | Orc:1    | 24491 ||| Stepping ~*~*~tactically~*~*~ (hiding).
 24493 | Orc:1    | 24493 ||| Stepping ~*~*~tactically~*~*~ (hiding).
 24494 | Orc:1    | 24494 ||| Stepping ~*~*~tactically~*~*~ (hiding).
 24495 | Orc:1    | 24495 ||| Stepping ~*~*~tactically~*~*~ (hiding).
 24501 | Orc:1    | 24501 ||| Stepping ~*~*~tactically~*~*~ (stealth).
 24558 | Orc:2    | 24558 ||| STAIRDANCE
 24595 | Orc:2    | 24595 ||| STAIRDANCE
 24742 | Orc:2    | 24742 ||| INVOKING Berserk.
 24873 | Orc:2    | Found Naoc's Antique Weapon Shoppe.
 24873 | Orc:2    | Found Guiddid's Book Shop.
 24903 | Orc:2    | 24903 ||| SWAPPING to +2 broad axe of electrocution.
 24904 | Orc:2    | 24904 ||| DROPPING +3 broad axe of draining.
 25178 | Orc:2    | 25178 ||| Stepping ~*~*~tactically~*~*~ (stealth).
 25182 | Orc:2    | 25182 ||| Stepping ~*~*~tactically~*~*~ (stealth).
 25185 | Orc:2    | 25185 ||| INVOKING Berserk.
 25315 | Orc:2    | 25315 ||| Stepping ~*~*~tactically~*~*~ (stealth).
 25353 | Orc:2    | 25353 ||| Stepping ~*~*~tactically~*~*~ (stealth).
 25355 | Orc:2    | 25355 ||| Stepping ~*~*~tactically~*~*~ (stealth).
 25359 | Orc:2    | 25359 ||| Stepping ~*~*~tactically~*~*~ (hiding).
 25403 | Orc:2    | Found Fyqyng's Weapon Shoppe.
 25403 | Orc:2    | Found Sumaajuiff's General Store.
 25410 | Orc:2    | 25410 ||| BUYING scroll of identify (30 gold).
 25410 | Orc:2    | Bought a scroll of identify for 30 gold pieces
 25445 | Orc:2    | 25445 ||| PLANNING SPIDER:1-3
 25679 | Spider:1 | Entered Level 1 of the Spider Nest
 25689 | Spider:1 | Reached XP level 16. HP: 155/157 MP: 15/15
 25730 | Spider:1 | 25730 ||| INVOKING Berserk.
 25744 | Spider:1 | 25744 ||| Stepping ~*~*~tactically~*~*~ (stealth).
 25755 | Spider:1 | Received a gift from Trog
 25756 | Spider:1 | Reached skill level 6 in Throwing
 25758 | Spider:1 | 25758 ||| Stepping ~*~*~tactically~*~*~ (stealth).
 25761 | Spider:1 | 25761 ||| Stepping ~*~*~tactically~*~*~ (stealth).
 25829 | Spider:1 | 25829 ||| Stepping ~*~*~tactically~*~*~ (hiding).
 25894 | Spider:1 | 25894 ||| Stepping ~*~*~tactically~*~*~ (hiding).
 25975 | Spider:1 | 25975 ||| Stepping ~*~*~tactically~*~*~ (stealth).
 25981 | Spider:1 | 25981 ||| Stepping ~*~*~tactically~*~*~ (stealth).
 25985 | Spider:1 | 25985 ||| Stepping ~*~*~tactically~*~*~ (stealth).
 25992 | Spider:1 | 25992 ||| INVOKING Berserk.
 26003 | Spider:1 | Reached skill level 15 in Armour
 26030 | Spider:1 | 26030 ||| Stepping ~*~*~tactically~*~*~ (stealth).
 26035 | Spider:1 | 26035 ||| Stepping ~*~*~tactically~*~*~ (stealth).
 26050 | Spider:1 | 26050 ||| Stepping ~*~*~tactically~*~*~ (stealth).
 26055 | Spider:1 | 26055 ||| Stepping ~*~*~tactically~*~*~ (stealth).
 26056 | Spider:1 | 26056 ||| Stepping ~*~*~tactically~*~*~ (stealth).
 26057 | Spider:1 | 26057 ||| Stepping ~*~*~tactically~*~*~ (stealth).
 26062 | Spider:1 | 26062 ||| Stepping ~*~*~tactically~*~*~ (stealth).
 26096 | Spider:1 | 26096 ||| Stepping ~*~*~tactically~*~*~ (stealth).
 26097 | Spider:1 | 26097 ||| Stepping ~*~*~tactically~*~*~ (stealth).
 26104 | Spider:1 | 26104 ||| INVOKING Berserk.
 26225 | Spider:1 | 26225 ||| Stepping ~*~*~tactically~*~*~ (stealth).
 26366 | Spider:1 | 26366 ||| READING scroll of brand weapon.
 26366 | Spider:1 | 26366 ||| BRANDING +2 broad axe of electrocution.
 26462 | Spider:1 | 26462 ||| Stepping ~*~*~tactically~*~*~ (stealth).
 26479 | Spider:1 | Reached skill level 18 in Fighting
 26606 | Spider:2 | 26606 ||| STAIRDANCE
 26634 | Spider:2 | 26634 ||| Stepping ~*~*~tactically~*~*~ (hiding).
 26820 | Spider:2 | 26820 ||| Stepping ~*~*~tactically~*~*~ (stealth).
 26838 | Spider:2 | 26838 ||| Stepping ~*~*~tactically~*~*~ (hiding).
 26847 | Spider:2 | 26847 ||| INVOKING Berserk.
 26970 | Spider:2 | 26970 ||| Stepping ~*~*~tactically~*~*~ (hiding).
 27037 | Spider:2 | 27037 ||| Stepping ~*~*~tactically~*~*~ (stealth).
 27414 | Spider:2 | 27414 ||| Stepping ~*~*~tactically~*~*~ (hiding).
 27423 | Spider:2 | Identified the +6 executioner's axe of Turmoil {vorpal,
                  | Dex+4} (Trog gifted it to you on level 2 of the Spider
                  | Nest)
 27423 | Spider:2 | Received a gift from Trog
 27443 | Spider:2 | 27443 ||| Stepping ~*~*~tactically~*~*~ (stealth).
 27444 | Spider:2 | 27444 ||| INVOKING Berserk.
 27451 | Spider:2 | 27451 ||| INVOKING Brothers in Arms.
 27725 | Spider:2 | 27725 ||| Stepping ~*~*~tactically~*~*~ (water).
 27906 | Spider:2 | 27906 ||| Stepping ~*~*~tactically~*~*~ (stealth).
 27986 | Spider:2 | 27986 ||| UPGRADING to +2 plate armour of willpower.
 27996 | Spider:2 | 27996 ||| UPGRADING to +0 pair of gloves.
 28030 | Spider:3 | 28030 ||| Stepping ~*~*~tactically~*~*~ (hiding).
 28036 | Spider:3 | 28036 ||| INVOKING Brothers in Arms.
 28109 | Spider:3 | 28109 ||| Stepping ~*~*~tactically~*~*~ (stealth).
 28110 | Spider:3 | 28110 ||| Stepping ~*~*~tactically~*~*~ (stealth).
 28346 | Spider:3 | 28346 ||| READING scroll of brand weapon.
 28346 | Spider:3 | 28346 ||| BRANDING +2 vorpal broad axe.
 28409 | Spider:3 | Identified the +0 robe "Icoudunu" {rN+ Str+3 Int-5}
 28467 | Spider:3 | 28467 ||| READING scroll of enchant armour.
 28467 | Spider:3 | 28467 ||| ENCHANTING +0 pair of gloves.
 28495 | Spider:3 | 28495 ||| Stepping ~*~*~tactically~*~*~ (stealth).
 28546 | Spider:3 | 28546 ||| INVOKING Brothers in Arms.
 28547 | Spider:3 | 28547 ||| INVOKING Brothers in Arms.
 28558 | Spider:3 | 28558 ||| INVOKING Berserk.
 28785 | Spider:3 | 28785 ||| Stepping ~*~*~tactically~*~*~ (stealth).
 28800 | Spider:3 | 28800 ||| INVOKING Brothers in Arms.
 28801 | Spider:3 | 28801 ||| INVOKING Brothers in Arms.
 28802 | Spider:3 | 28802 ||| INVOKING Brothers in Arms.
 28811 | Spider:3 | 28811 ||| INVOKING Berserk.
 29113 | Spider:3 | 29113 ||| Stepping ~*~*~tactically~*~*~ (stealth).
 29120 | Spider:3 | 29120 ||| Stepping ~*~*~tactically~*~*~ (stealth).
 29122 | Spider:3 | 29122 ||| INVOKING Berserk.
 29135 | Spider:3 | 29135 ||| Stepping ~*~*~tactically~*~*~ (stealth).
 29147 | Spider:3 | 29147 ||| Stepping ~*~*~tactically~*~*~ (stealth).
 29148 | Spider:3 | 29148 ||| Stepping ~*~*~tactically~*~*~ (stealth).
 29200 | Spider:3 | 29200 ||| Stepping ~*~*~tactically~*~*~ (hiding).
 29371 | Spider:3 | 29371 ||| INVOKING Brothers in Arms.
 29539 | Spider:3 | 29539 ||| PLANNING SHOALS:1-3
 29655 | Shoals:1 | Entered Level 1 of the Shoals
 29720 | Shoals:1 | 29720 ||| INVOKING Berserk.
 29895 | Shoals:1 | 29895 ||| READING scroll of enchant armour.
 29895 | Shoals:1 | 29895 ||| ENCHANTING +1 pair of gloves.
 29990 | Shoals:1 | Reached skill level 19 in Fighting
 30025 | Shoals:1 | 30025 ||| Stepping ~*~*~tactically~*~*~ (hiding).
 30026 | Shoals:1 | 30026 ||| Stepping ~*~*~tactically~*~*~ (hiding).
 30027 | Shoals:1 | 30027 ||| Stepping ~*~*~tactically~*~*~ (hiding).
 30028 | Shoals:1 | 30028 ||| Stepping ~*~*~tactically~*~*~ (hiding).
 30029 | Shoals:1 | 30029 ||| INVOKING Trog's Hand.
 30032 | Shoals:1 | 30032 ||| INVOKING Berserk.
 30210 | Shoals:1 | Found a burning altar of Makhleb.
 30215 | Shoals:1 | Noticed a kraken
 30217 | Shoals:1 | 30217 ||| Stepping ~*~*~tactically~*~*~ (water).
 30252 | Shoals:1 | Killed a kraken
 30253 | Shoals:1 | Reached XP level 17. HP: 96/168 MP: 16/16
 30480 | Shoals:1 | 30480 ||| INVOKING Berserk.
 30627 | Shoals:1 | 30627 ||| Stepping ~*~*~tactically~*~*~ (water).
 30784 | Shoals:1 | Found a runed translucent door.
 30784 | Shoals:1 | Found a shimmering altar of Xom.
 30784 | Shoals:1 | Noticed KappaVara's ghost (adept DsFi)
 30785 | Shoals:1 | Identified the +10 demon trident of the Black Skies {chaos,
                  | rElec rF- rC+++ Str-3}
 30876 | Shoals:1 | 30876 ||| INVOKING Berserk.
 31026 | Shoals:1 | 31026 ||| Stepping ~*~*~tactically~*~*~ (stealth).
 31106 | Shoals:1 | 31106 ||| READING 2 scrolls labelled XUABBA ZEJORR.
 31107 | Shoals:1 | 31107 ||| DROPPING scroll of summoning.
 31207 | Shoals:2 | 31207 ||| INVOKING Trog's Hand.
 31216 | Shoals:2 | 31216 ||| INVOKING Berserk.
 31234 | Shoals:2 | HP: 61/252 [barbs]
 31245 | Shoals:2 | 31245 ||| INVOKING Trog's Hand.
 31248 | Shoals:2 | HP: 37/168 [drowned by a drowned soul[a merfolk avatar]
                  | (14)]
 31249 | Shoals:2 | 31249 ||| READING 17 scrolls of teleportation.
 31250 | Shoals:2 | 31250 ||| DRINKING 11 potions of heal wounds.
 31267 | Shoals:2 | 31267 ||| INVOKING Trog's Hand.
 31274 | Shoals:2 | HP: 40/168 [drowned by a drowned soul[a merfolk avatar]
                  | (14)]
 31275 | Shoals:2 | 31275 ||| READING 16 scrolls of teleportation.
 31275 | Shoals:2 | HP: 13/168 [drowned by a drowned soul[a merfolk avatar]
                  | (12)]
 31276 | Shoals:2 | 31276 ||| DRINKING 10 potions of heal wounds.
 31277 | Shoals:2 | 31277 ||| DRINKING 9 potions of heal wounds.
 31282 | Shoals:2 | 31282 ||| INVOKING Berserk.
 31301 | Shoals:2 | 31301 ||| INVOKING Trog's Hand.
 31306 | Shoals:2 | 31306 ||| FLEEEEING.
 31309 | Shoals:2 | 31309 ||| FLEEEEING.
 31310 | Shoals:2 | 31310 ||| INVOKING Trog's Hand.
 31318 | Shoals:2 | 31318 ||| INVOKING Trog's Hand.
 31318 | Shoals:2 | HP: 37/168 [drowned by a drowned soul[a merfolk avatar]
                  | (13)]
 31319 | Shoals:2 | 31319 ||| READING 15 scrolls of teleportation.
 31320 | Shoals:2 | 31320 ||| DRINKING 8 potions of heal wounds.
 31322 | Shoals:2 | Reached skill level 18 in Armour
 31326 | Shoals:2 | 31326 ||| Stepping ~*~*~tactically~*~*~ (stealth).
 31331 | Shoals:2 | HP: 42/168 [merfolk aquamancer/ball of steam (33)]
 31332 | Shoals:2 | 31332 ||| READING 14 scrolls of teleportation.
 31333 | Shoals:2 | 31333 ||| DRINKING 7 potions of heal wounds.
 31398 | Shoals:2 | 31398 ||| Stepping ~*~*~tactically~*~*~ (water).
 31399 | Shoals:2 | 31399 ||| Stepping ~*~*~tactically~*~*~ (water).
 31401 | Shoals:2 | 31401 ||| INVOKING Berserk.
 31474 | Shoals:2 | 31474 ||| FLEEEEING.
 31476 | Shoals:2 | 31476 ||| INVOKING Berserk.
 32089 | Shoals:2 | 32089 ||| Stepping ~*~*~tactically~*~*~ (hiding).
 32090 | Shoals:2 | 32090 ||| INVOKING Trog's Hand.
 32591 | Shoals:3 | 32591 ||| Stepping ~*~*~tactically~*~*~ (water).
 32801 | Shoals:3 | Found a hide-covered altar of Uskayaw.
 32811 | Shoals:3 | Noticed Mlioglotl
 32813 | Shoals:3 | 32813 ||| Stepping ~*~*~tactically~*~*~ (stealth).
 32819 | Shoals:3 | 32819 ||| INVOKING Berserk.
 32830 | Shoals:3 | Killed Mlioglotl
 32954 | Shoals:3 | Identified Roxanne's Directory of Metamorphosis
 32954 | Shoals:3 | Noticed Roxanne
 32960 | Shoals:3 | 32960 ||| INVOKING Berserk.
 32972 | Shoals:3 | Killed Roxanne
 33205 | Shoals:3 | Identified the +9 trident "Kystulesm" {holy, Dex+3}
 33255 | Shoals:3 | 33255 ||| Stepping ~*~*~tactically~*~*~ (water).
 33595 | Shoals:3 | 33595 ||| PLANNING SPIDER:4
 33784 | Spider:4 | Entered Level 4 of the Spider Nest
 33785 | Spider:4 | 33785 ||| STAIRDANCE
 33815 | Spider:4 | 33815 ||| Stepping ~*~*~tactically~*~*~ (stealth).
 33822 | Spider:4 | 33822 ||| Stepping ~*~*~tactically~*~*~ (hiding).
 33824 | Spider:4 | 33824 ||| Stepping ~*~*~tactically~*~*~ (stealth).
 33825 | Spider:4 | 33825 ||| INVOKING Brothers in Arms.
 33844 | Spider:4 | 33844 ||| INVOKING Berserk.
 33859 | Spider:4 | HP: 38/169 [emperor scorpion (5)]
 33860 | Spider:4 | 33860 ||| READING 13 scrolls of teleportation.
 33861 | Spider:4 | 33861 ||| DRINKING 7 potions of heal wounds.
 33864 | Spider:4 | 33864 ||| INVOKING Brothers in Arms.
 33865 | Spider:4 | 33865 ||| INVOKING Brothers in Arms.
 33867 | Spider:4 | HP: 42/169 [demonic crawler (4)]
 33868 | Spider:4 | 33868 ||| READING 12 scrolls of teleportation.
 33869 | Spider:4 | 33869 ||| DRINKING 6 potions of heal wounds.
 33871 | Spider:4 | 33871 ||| READING 11 scrolls of teleportation.
 33871 | Spider:4 | HP: 16/169 [meliai/+0 war axe (8)]
 33872 | Spider:4 | 33872 ||| DRINKING 5 potions of heal wounds.
 33873 | Spider:4 | 33873 ||| Stepping ~*~*~tactically~*~*~ (hiding).
 33874 | Spider:4 | 33874 ||| READING 10 scrolls of teleportation.
 33875 | Spider:4 | 33875 ||| DRINKING 4 potions of heal wounds.
 33877 | Spider:4 | HP: 42/169 [emperor scorpion (14)]
 33878 | Spider:4 | 33878 ||| READING 9 scrolls of teleportation.
 33879 | Spider:4 | 33879 ||| DRINKING 3 potions of heal wounds.
 33882 | Spider:4 | 33882 ||| Stepping ~*~*~tactically~*~*~ (hiding).
 33895 | Spider:4 | 33895 ||| INVOKING Brothers in Arms.
 33896 | Spider:4 | 33896 ||| INVOKING Brothers in Arms.
 33995 | Spider:4 | 33995 ||| DRINKING 10 potions of curing.
 33995 | Spider:4 | 33995 ||| (to cure confusion)
 34002 | Spider:4 | 34002 ||| INVOKING Brothers in Arms.
 34003 | Spider:4 | 34003 ||| INVOKING Brothers in Arms.
 34004 | Spider:4 | 34004 ||| INVOKING Brothers in Arms.
 34005 | Spider:4 | 34005 ||| INVOKING Brothers in Arms.
 34006 | Spider:4 | 34006 ||| INVOKING Berserk.
 34014 | Spider:4 | Reached skill level 9 in Throwing
 34035 | Spider:4 | 34035 ||| DRINKING 9 potions of curing.
 34035 | Spider:4 | 34035 ||| (to cure bad poison)
 34051 | Spider:4 | 34051 ||| FLEEEEING.
 34052 | Spider:4 | 34052 ||| FLEEEEING.
 34056 | Spider:4 | 34056 ||| FLEEEEING.
 34057 | Spider:4 | 34057 ||| FLEEEEING.
 34060 | Spider:4 | 34060 ||| FLEEEEING.
 34061 | Spider:4 | 34061 ||| FLEEEEING.
 34062 | Spider:4 | 34062 ||| STAIRDANCE
 34329 | Spider:4 | Reached skill level 20 in Fighting
 34339 | Spider:4 | 34339 ||| Stepping ~*~*~tactically~*~*~ (stealth).
 34351 | Spider:4 | 34351 ||| Stepping ~*~*~tactically~*~*~ (hiding).
 34382 | Spider:4 | 34382 ||| INVOKING Berserk.
 34502 | Spider:4 | 34502 ||| Stepping ~*~*~tactically~*~*~ (stealth).
 34533 | Spider:4 | 34533 ||| Stepping ~*~*~tactically~*~*~ (stealth).
 34542 | Spider:4 | 34542 ||| DRINKING 2 potions of resistance.
 34547 | Spider:4 | 34547 ||| INVOKING Berserk.
 34554 | Spider:4 | 34554 ||| Stepping ~*~*~tactically~*~*~ (hiding).
 34555 | Spider:4 | 34555 ||| Stepping ~*~*~tactically~*~*~ (hiding).
 34570 | Spider:4 | 34570 ||| Stepping ~*~*~tactically~*~*~ (stealth).
 34571 | Spider:4 | 34571 ||| Stepping ~*~*~tactically~*~*~ (stealth).
 34574 | Spider:4 | 34574 ||| Stepping ~*~*~tactically~*~*~ (stealth).
 34576 | Spider:4 | 34576 ||| Stepping ~*~*~tactically~*~*~ (stealth).
 34611 | Spider:4 | 34611 ||| Stepping ~*~*~tactically~*~*~ (stealth).
 34613 | Spider:4 | 34613 ||| Stepping ~*~*~tactically~*~*~ (stealth).
 34614 | Spider:4 | 34614 ||| Stepping ~*~*~tactically~*~*~ (stealth).
 34616 | Spider:4 | 34616 ||| INVOKING Berserk.
 34639 | Spider:4 | 34639 ||| Stepping ~*~*~tactically~*~*~ (stealth).
 34640 | Spider:4 | 34640 ||| Stepping ~*~*~tactically~*~*~ (stealth).
 34681 | Spider:4 | 34681 ||| FLEEEEING.
 34682 | Spider:4 | 34682 ||| FLEEEEING.
 34683 | Spider:4 | 34683 ||| FLEEEEING.
 34685 | Spider:4 | 34685 ||| STAIRDANCE
 34982 | Spider:4 | 34982 ||| Stepping ~*~*~tactically~*~*~ (stealth).
 34984 | Spider:4 | 34984 ||| Stepping ~*~*~tactically~*~*~ (hiding).
 35033 | Spider:4 | 35033 ||| Stepping ~*~*~tactically~*~*~ (stealth).
 35058 | Spider:4 | 35058 ||| Stepping ~*~*~tactically~*~*~ (stealth).
 35064 | Spider:4 | 35064 ||| FLEEEEING.
 35065 | Spider:4 | 35065 ||| FLEEEEING.
 35066 | Spider:4 | 35066 ||| FLEEEEING.
 35067 | Spider:4 | 35067 ||| FLEEEEING.
 35068 | Spider:4 | 35068 ||| FLEEEEING.
 35069 | Spider:4 | 35069 ||| FLEEEEING.
 35074 | Spider:4 | 35074 ||| FLEEEEING.
 35078 | Spider:4 | 35078 ||| FLEEEEING.
 35079 | Spider:4 | 35079 ||| FLEEEEING.
 35080 | Spider:4 | 35080 ||| FLEEEEING.
 35081 | Spider:4 | 35081 ||| FLEEEEING.
 35082 | Spider:4 | 35082 ||| STAIRDANCE
 35101 | Spider:4 | 35101 ||| Stepping ~*~*~tactically~*~*~ (hiding).
 35102 | Spider:4 | 35102 ||| Stepping ~*~*~tactically~*~*~ (hiding).
 35106 | Spider:4 | 35106 ||| INVOKING Brothers in Arms.
 35185 | Spider:4 | 35185 ||| READING 8 scrolls of teleportation.
 35263 | Spider:4 | 35263 ||| Stepping ~*~*~tactically~*~*~ (stealth).
 35283 | Spider:4 | 35283 ||| Stepping ~*~*~tactically~*~*~ (stealth).
 35303 | Spider:4 | 35303 ||| Stepping ~*~*~tactically~*~*~ (stealth).
 35310 | Spider:4 | 35310 ||| INVOKING Berserk.
 35377 | Spider:4 | 35377 ||| Stepping ~*~*~tactically~*~*~ (stealth).
 35378 | Spider:4 | 35378 ||| Stepping ~*~*~tactically~*~*~ (stealth).
 35402 | Spider:4 | 35402 ||| DRINKING 8 potions of curing.
 35402 | Spider:4 | 35402 ||| (to cure confusion)
 35437 | Spider:4 | 35437 ||| Stepping ~*~*~tactically~*~*~ (hiding).
 35440 | Spider:4 | 35440 ||| INVOKING Berserk.
 35589 | Spider:4 | 35589 ||| INVOKING Berserk.
 35699 | Spider:4 | Got a gossamer rune of Zot
 35707 | Spider:4 | Identified the +0 pair of gloves of Qoasar {rC+ rN+}
 35778 | Spider:4 | 35778 ||| Stepping ~*~*~tactically~*~*~ (stealth).
 35780 | Spider:4 | 35780 ||| Stepping ~*~*~tactically~*~*~ (stealth).
 36005 | Spider:4 | 36005 ||| PLANNING VAULTS:1-4
 36005 | Spider:4 | 36005 ||| UPGRADING to +1 pair of boots of flying.
 36015 | Spider:4 | 36015 ||| DROPPING +1 pair of boots.
 36016 | Spider:4 | 36016 ||| UPGRADING to +0 pair of gloves of Qoasar {rC+
                  | rN+}.
 36284 | Vaults:1 | Entered Level 1 of the Vaults
 36292 | Vaults:1 | 36292 ||| Stepping ~*~*~tactically~*~*~ (hiding).
 36297 | Vaults:1 | 36297 ||| INVOKING Trog's Hand.
 36304 | Vaults:1 | Reached XP level 18. HP: 158/178 MP: 17/17
 36385 | Vaults:1 | 36385 ||| DROPPING +7 flail "Seetti" {elec, rElec rC+
                  | Str+2}.
 36386 | Vaults:1 | 36386 ||| DROPPING +0 morningstar.
 36523 | Vaults:1 | 36523 ||| INVOKING Trog's Hand.
 36531 | Vaults:1 | 36531 ||| INVOKING Trog's Hand.
 36785 | Vaults:1 | 36785 ||| READING 7 scrolls of teleportation.
 36880 | Vaults:1 | 36880 ||| INVOKING Berserk.
 37224 | Vaults:1 | Found a transporter.
 37241 | Vaults:1 | Noticed a lich
 37243 | Vaults:1 | Found a transporter.
 37251 | Vaults:1 | Noticed wjh11's ghost (veteran MiBe)
 37270 | Vaults:1 | Noticed a lich
 37344 | Vaults:1 | 37344 ||| INVOKING Berserk.
 37479 | Vaults:1 | Found Gezxeif's Armour Shop.
 37532 | Vaults:1 | 37532 ||| INVOKING Trog's Hand.
 37534 | Vaults:1 | 37534 ||| INVOKING Berserk.
 37939 | Vaults:1 | Identified the ring of Allinocs {+Blink rC++ MP+9 Int-5}
 38103 | Vaults:1 | 38103 ||| READING scroll of acquirement.
 38103 | Vaults:1 | 38103 ||| ACQUIRING +1 kite shield of Distant Shores {rElec
                  | Regen+ Str+4 Int-5}
 38103 | Vaults:1 | Acquired the +1 kite shield of Distant Shores {rElec Regen+
                  | Str+4 Int-5}
 38105 | Vaults:1 | 38105 ||| UPGRADING to +2 cloak of preservation.
 38115 | Vaults:1 | 38115 ||| DROPPING +0 cloak.
 38116 | Vaults:1 | 38116 ||| UPGRADING to +1 kite shield of Distant Shores
                  | {rElec Regen+ Str+4 Int-5}.
 38126 | Vaults:1 | 38126 ||| DROPPING +0 kite shield.
 38340 | Vaults:1 | 38340 ||| Stepping ~*~*~tactically~*~*~ (hiding).
 38346 | Vaults:1 | 38346 ||| INVOKING Berserk.
 38564 | Vaults:2 | 38564 ||| STAIRDANCE
 38571 | Vaults:2 | 38571 ||| STAIRDANCE
 38830 | Vaults:2 | 38830 ||| Stepping ~*~*~tactically~*~*~ (stealth).
 38831 | Vaults:2 | 38831 ||| Stepping ~*~*~tactically~*~*~ (stealth).
 38835 | Vaults:2 | 38835 ||| INVOKING Berserk.
 38842 | Vaults:2 | Reached skill level 21 in Fighting
 38954 | Vaults:2 | 38954 ||| Stepping ~*~*~tactically~*~*~ (hiding).
 38959 | Vaults:2 | 38959 ||| INVOKING Berserk.
 38974 | Vaults:2 | Reached skill level 18 in Shields
 39076 | Vaults:2 | 39076 ||| INVOKING Berserk.
 39115 | Vaults:2 | 39115 ||| INVOKING Trog's Hand.
 39117 | Vaults:2 | HP: 43/182 [deep troll[an ironbound preserver] (5)]
 39118 | Vaults:2 | 39118 ||| READING 6 scrolls of teleportation.
 39119 | Vaults:2 | 39119 ||| DRINKING 5 potions of heal wounds.
 39123 | Vaults:2 | 39123 ||| Stepping ~*~*~tactically~*~*~ (hiding).
 39262 | Vaults:2 | 39262 ||| Stepping ~*~*~tactically~*~*~ (hiding).
 39285 | Vaults:2 | 39285 ||| Stepping ~*~*~tactically~*~*~ (hiding).
 39331 | Vaults:2 | 39331 ||| DROPPING +0 war axe of electrocution.
 39387 | Vaults:2 | 39387 ||| Stepping ~*~*~tactically~*~*~ (stealth).
 39391 | Vaults:2 | 39391 ||| Stepping ~*~*~tactically~*~*~ (stealth).
 39397 | Vaults:2 | 39397 ||| INVOKING Trog's Hand.
 39443 | Vaults:2 | 39443 ||| Stepping ~*~*~tactically~*~*~ (stealth).
 39444 | Vaults:2 | 39444 ||| Stepping ~*~*~tactically~*~*~ (stealth).
 39445 | Vaults:2 | 39445 ||| Stepping ~*~*~tactically~*~*~ (stealth).
 39470 | Vaults:2 | 39470 ||| INVOKING Berserk.
 39476 | Vaults:2 | Reached skill level 9 in Dodging
 39595 | Vaults:2 | 39595 ||| INVOKING Brothers in Arms.
 39596 | Vaults:2 | 39596 ||| INVOKING Berserk.
 39714 | Vaults:2 | 39714 ||| FLEEEEING.
 39716 | Vaults:2 | 39716 ||| FLEEEEING.
 39717 | Vaults:2 | 39717 ||| FLEEEEING.
 39718 | Vaults:2 | 39718 ||| FLEEEEING.
 39719 | Vaults:2 | 39719 ||| FLEEEEING.
 39723 | Vaults:2 | 39723 ||| FLEEEEING.
 39724 | Vaults:2 | 39724 ||| FLEEEEING.
 39725 | Vaults:2 | 39725 ||| FLEEEEING.
 39739 | Vaults:2 | 39739 ||| Stepping ~*~*~tactically~*~*~ (hiding).
 39836 | Vaults:2 | 39836 ||| Stepping ~*~*~tactically~*~*~ (stealth).
 39853 | Vaults:2 | 39853 ||| Stepping ~*~*~tactically~*~*~ (hiding).
 39957 | Vaults:2 | 39957 ||| Stepping ~*~*~tactically~*~*~ (hiding).
 39961 | Vaults:2 | 39961 ||| INVOKING Trog's Hand.
 40003 | Vaults:2 | 40003 ||| INVOKING Trog's Hand.
 40053 | Vaults:2 | 40053 ||| Stepping ~*~*~tactically~*~*~ (stealth).
 40104 | Vaults:2 | 40104 ||| INVOKING Trog's Hand.
 40112 | Vaults:2 | Reached skill level 22 in Fighting
 40112 | Vaults:2 | Reached XP level 19. HP: 130/191 MP: 18/18
 40116 | Vaults:2 | 40116 ||| INVOKING Berserk.
 40164 | Vaults:2 | Received a gift from Trog
 40280 | Vaults:2 | 40280 ||| INVOKING Berserk.
 40284 | Vaults:2 | 40284 ||| INVOKING Brothers in Arms.
 40386 | Vaults:2 | 40386 ||| DROPPING +3 broad axe.
 40393 | Vaults:2 | 40393 ||| Stepping ~*~*~tactically~*~*~ (hiding).
 40454 | Vaults:2 | 40454 ||| Stepping ~*~*~tactically~*~*~ (stealth).
 40455 | Vaults:2 | 40455 ||| Stepping ~*~*~tactically~*~*~ (stealth).
 40777 | Vaults:2 | 40777 ||| INVOKING Trog's Hand.
 40871 | Vaults:2 | 40871 ||| DROPPING +1 pair of boots.
 40925 | Vaults:3 | 40925 ||| PLANNING WIZLAB
 40985 | Vaults:3 | 40985 ||| Stepping ~*~*~tactically~*~*~ (stealth).
 41094 | Vaults:3 | 41094 ||| INVOKING Trog's Hand.
 41095 | Vaults:3 | 41095 ||| INVOKING Berserk.
 41208 | Vaults:3 | Found a staircase to the Crypt.
 41236 | Vaults:3 | 41236 ||| Stepping ~*~*~tactically~*~*~ (stealth).
 41260 | Vaults:3 | 41260 ||| Stepping ~*~*~tactically~*~*~ (stealth).
 41314 | Vaults:3 | 41314 ||| READING 7 scrolls of teleportation.
 41513 | Vaults:3 | 41513 ||| INVOKING Berserk.
 41514 | Vaults:3 | Found Lugat's Antique Weapon Emporium.
 41515 | Vaults:3 | Noticed Boris
 41543 | Vaults:3 | 41543 ||| RIP WIZLAB
 41544 | Vaults:3 | 41544 ||| PLANNING VAULTS:1-4
 41550 | Vaults:3 | Killed Boris
 41612 | Vaults:3 | 41612 ||| Stepping ~*~*~tactically~*~*~ (hiding).
 41615 | Vaults:3 | 41615 ||| Stepping ~*~*~tactically~*~*~ (hiding).
 41623 | Vaults:3 | 41623 ||| Stepping ~*~*~tactically~*~*~ (hiding).
 41627 | Vaults:3 | 41627 ||| Stepping ~*~*~tactically~*~*~ (hiding).
 41753 | Vaults:3 | Found a portal to a secret trove of treasure.
 41881 | Vaults:3 | 41881 ||| Stepping ~*~*~tactically~*~*~ (hiding).
 41885 | Vaults:3 | 41885 ||| INVOKING Trog's Hand.
 41905 | Vaults:3 | 41905 ||| Stepping ~*~*~tactically~*~*~ (stealth).
 41912 | Vaults:3 | 41912 ||| Stepping ~*~*~tactically~*~*~ (stealth).
 41914 | Vaults:3 | 41914 ||| INVOKING Trog's Hand.
 41918 | Vaults:3 | Reached skill level 21 in Armour
 41984 | Vaults:3 | 41984 ||| Stepping ~*~*~tactically~*~*~ (stealth).
 42053 | Vaults:3 | 42053 ||| Stepping ~*~*~tactically~*~*~ (stealth).
 42135 | Vaults:3 | 42135 ||| INVOKING Trog's Hand.
 42219 | Vaults:3 | 42219 ||| INVOKING Berserk.
 42418 | Vaults:3 | 42418 ||| Stepping ~*~*~tactically~*~*~ (hiding).
 42419 | Vaults:3 | 42419 ||| Stepping ~*~*~tactically~*~*~ (hiding).
 42420 | Vaults:3 | 42420 ||| Stepping ~*~*~tactically~*~*~ (hiding).
 42979 | Vaults:3 | 42979 ||| DROPPING +1 pair of boots.
 42980 | Vaults:3 | 42980 ||| READING scroll labelled ZOZXEA LIWUXY.
 43028 | Vaults:4 | Reached skill level 23 in Fighting
 43174 | Vaults:4 | 43174 ||| INVOKING Trog's Hand.
 43276 | Vaults:4 | 43276 ||| INVOKING Trog's Hand.
 43419 | Vaults:4 | 43419 ||| Stepping ~*~*~tactically~*~*~ (stealth).
 43420 | Vaults:4 | 43420 ||| INVOKING Trog's Hand.
 43429 | Vaults:4 | Received a gift from Trog
 43528 | Vaults:4 | 43528 ||| Stepping ~*~*~tactically~*~*~ (hiding).
 43529 | Vaults:4 | 43529 ||| Stepping ~*~*~tactically~*~*~ (hiding).
 43531 | Vaults:4 | 43531 ||| INVOKING Trog's Hand.
 43538 | Vaults:4 | Noticed qw's illusion
 43538 | Vaults:4 | Noticed Mara
 43538 | Vaults:4 | 43538 ||| INVOKING Brothers in Arms.
 43539 | Vaults:4 | 43539 ||| INVOKING Berserk.
 43542 | Vaults:4 | Reached XP level 20. HP: 205/205 MP: 19/19
 43562 | Vaults:4 | 43562 ||| INVOKING Brothers in Arms.
 43563 | Vaults:4 | 43563 ||| INVOKING Brothers in Arms.
 43571 | Vaults:4 | Noticed qw's illusion
 43572 | Vaults:4 | HP: 43/205 [Mara/+0 demon trident of flaming (23)]
 43573 | Vaults:4 | 43573 ||| READING 6 scrolls of teleportation.
 43574 | Vaults:4 | 43574 ||| DRINKING 4 potions of heal wounds.
 43577 | Vaults:4 | 43577 ||| INVOKING Trog's Hand.
 43583 | Vaults:4 | Noticed Jory
 43585 | Vaults:4 | HP: 51/205 [vault guard/+0 war axe[a vault warden] (13)]
 43586 | Vaults:4 | 43586 ||| READING 5 scrolls of teleportation.
 43586 | Vaults:4 | Slain by Jory

Levels and vault maps discovered:
D:1:      dpeg_arrival_caged_fury, layout_loops_ring,
          chequers_ecumenical_altar_island
D:2:      minmay_kobold_bridge, layout_loops_ring, st_stairs_2
D:3:      layout_basic, mainiacjoe_overflow_two_lobes,
          minmay_randomly_rotated_circles
D:4:      layout_gridville, kennysheep_mini, dancing_weapons_uskayaw,
          mainiacjoe_overflow_cross_hatched, solitary_fountain
D:5:      lemuel_ice_spiral_2, layout_basic
D:6:      layout_gridville, amcnicky_mini_pool_small, grunt_decor_fettered,
          hangedman_feature_mirror
D:7:      layout_gridville, lemuel_temple_firewalk_a, corexii_hall_statues_x,
          uniq_maggie
D:8:      minmay_distorted_concentric_squares, layout_gridville,
          amcnicky_altar_gilded, kb_rosetta, uniq_pikel
D:9:      layout_basic, nicolae_qazlal_style_of_elements,
          hellmonk_bongcloud_opening
D:10:     layout_cave_pools, mainiacjoe_overflow_boulevard,
          nicolae_overflow_hidden_temple, david_lair_shrubbed, minivault_4,
          hangedman_fish_farm, uniq_lodul
D:11:     layout_cave_pods, nicolae_ru_sacrificial_ziggurat
D:12:     layout_rooms, david_orc_3
D:13:     layout_basic, david_vaults_4, minmay_lizard_king
D:14:     layout_loops_ring, elyvilon_altar_4, uniq_nessos
D:15:     grunt_enter_depths_hoard, layout_loops_ring, serial_undead,
          serial_undead_c, serial_undead_c, serial_undead_c, serial_undead_a,
          grunt_gozag_statues, nemelex_lonely_heart_becter
Lair:1:   layout_concentric_octagons, gammafunk_ghost_arena
Lair:2:   layout_regular_city, minmay_shoals_entry_centaurs,
          lightli_volcano_entry_magma_tube, grunt_megastairs_5, uniq_gastronok
Lair:3:   layout_cave_pods, spider_nest_entry_funnel_web,
          portal_ice_cave_demonic_guard, basic_altar, lemuel_fruit_fields
Lair:4:   layout_regular_city, grunt_megastairs_1
Lair:5:   guppyfry_lair_end_dragon, layout_long_grid, slime_entry_1, tgw_fedhas,
          uniq_josephine
Shoals:1: layout_shoals, ebering_ghost_xom, wheals_shoals_ruined_temple
Shoals:2: layout_shoals
Shoals:3: layout_shoals, lemuel_altar_in_water,
          nicolae_shoals_lost_giant_pillars, uniq_mlioglotl, uniq_roxanne
Spider:1: layout_spider_delve
Spider:2: layout_spider_delve, spiders_nest_spider_trap
Spider:3: layout_spider_delve
Spider:4: grunt_spider_rune_island
Orc:1:    layout_caves
Orc:2:    st_orc_town, layout_diamond_mine
Vaults:1: gammafunk_ghost_mausoleum, vaults_room_fours, ontoclasm_vaults_idyll,
          dpeg_vaults_waves, vaults_room_grunt_arrival_checkpoint,
          vaults_room_hallway, vaults_dpeg_ring, v_misc_2,
          nicolae_vaults_big_angled_halls, nicolae_vaults_gold_heap,
          layout_vaults_omnigrid, serial_shops, nicolae_shop_trees
Vaults:2: nicolae_vaults_ninety_degrees, v_misc_4, hangedman_vaults_locks,
          st_octagons_2, nicolae_vaults_network_quincunx
          [nicolae_vaults_network_quincunx_subvault,
          nicolae_vaults_network_quincunx_subvault,
          nicolae_vaults_network_quincunx_subvault,
          nicolae_vaults_network_quincunx_subvault,
          nicolae_vaults_network_quincunx_subvault], vaults_mumra_chevron,
          ontoclasm_vaults_spin, nicolae_vaults_network_star, vaults_dpeg_hooks,
          nicolae_vaults_theta, layout_vaults_omnibox
Vaults:3: infiniplex_enter_wizlab_spiral, vaults_dpeg_encased_lava,
          ontoclasm_vaults_fault, vaults_room_hallway,
          nicolae_vaults_back_hallway, ontoclasm_vaults_shuriken,
          nicolae_vaults_theta, minmay_crypt_entry_nasty_monster, v_misc_16,
          nicolae_vaults_mini_display_case, grunt_vaults_funnel, serial_ice_b,
          layout_vaults_chaotic_city, serial_shops, shop_statue, enter_trove_0,
          uniq_boris
Vaults:4: hangedman_vaults_stagger, nicolae_vaults_triangles, v_misc_11,
          v_misc_18, nicolae_vaults_theta, st_hourglassy, vaults_room_fours,
          vaults_room_fours, nicolae_vaults_theta, v_misc_25,
          layout_vaults_maze_snakey, uniq_mara, uniq_sojobo, uniq_jory

Skill      XL: |  1  2  3  4  5  6  7  8  9 10 11 12 13 14 15 16 17 18 19 |
---------------+----------------------------------------------------------+-----
Axes           | 4 5 6 7 8 9 11 13 15 18 | 18.0
Shields        | 2 3 4 6 7 8 9 10 15 17 18 19 | 19.0
Fighting       | 4 5 6 8 9 10 13 15 17 19 20 22 23 | 23.7
Armour         | 3 5 7 8 10 13 14 17 19 20 21 | 21.0
Throwing       | 1 2 3 4 5 6 9 10 11 | 11.7
Dodging        | 4 6 7 9 |  9.0

Action                   |  1- 3 |  4- 6 |  7- 9 | 10-12 | 13-15 | 16-18 | 19-21 || total
-------------------------+-------+-------+-------+-------+-------+-------+-------++-------
Melee: Hand axe          |    56 |   101 |    93 |       |       |       |       ||   250
       Headbutt          |     7 |    13 |    24 |    87 |   208 |   306 |   128 ||   773
       Punch             |     2 |       |       |       |       |       |       ||     2
       Broad axe         |       |       |    43 |   348 |   826 |  1307 |   427 ||  2951
       Flail             |       |       |       |     5 |     3 |       |       ||     8
       Morningstar       |       |       |       |     8 |    28 |       |       ||    36
Throw: Boomerang         |    44 |    51 |    48 |   106 |   283 |   146 |    28 ||   706
       Javelin           |       |       |       |       |       |    48 |    26 ||    74
Invok: Berserk           |     1 |     3 |     6 |    16 |    27 |    35 |     6 ||    94
       Brothers in Arms  |       |       |       |     2 |     7 |    11 |     3 ||    23
       Trog's Hand       |       |       |       |       |     3 |    17 |    10 ||    30
  Use: Scroll            |     3 |     9 |     7 |     7 |     4 |    18 |     4 ||    52
       Potion            |       |     5 |     2 |     1 |     3 |    15 |     1 ||    27
 Stab: Petrified         |       |       |       |       |     2 |       |       ||     2
       Distracted        |       |       |       |       |       |     1 |       ||     1
Armor: Animal skin       |     8 |     2 |       |       |       |       |       ||    10
       Plate armour      |       |    24 |    59 |    95 |   256 |   659 |   157 ||  1250
Dodge: Dodged            |    31 |    19 |    20 |    57 |   175 |   296 |    97 ||   695
Block: Buckler           |       |    36 |    77 |   180 |   238 |       |       ||   531
       Reflection        |       |     1 |     3 |    31 |    45 |    58 |    23 ||   161
       Kite shield       |       |       |       |       |   277 |  1052 |   299 ||  1628

Table legend:
 A = Non-vault XP
 B = Vault XP
 C = Vault XP percentage of total XP
 D = Non-vault monster count
 E = Vault monster count
 F = Vault count percentage of total count
                 A         B        C        D         E       F
            +---------+---------+-------+---------+---------+-------
      Total |  306804 |  146610 |  32.3 |     884 |     318 |  26.5
            +---------+---------+-------+---------+---------+-------
        D:1 |      32 |       0 |   0.0 |      19 |       0 |   0.0
        D:2 |     111 |      11 |   9.0 |      31 |       7 |  18.4
        D:3 |      36 |      22 |  37.9 |      15 |       6 |  28.6
        D:4 |     470 |       0 |   0.0 |      17 |       0 |   0.0
        D:5 |     692 |       0 |   0.0 |      15 |       0 |   0.0
        D:6 |     164 |      38 |  18.8 |       4 |       2 |  33.3
        D:7 |    1219 |     359 |  22.8 |      16 |       1 |   5.9
        D:8 |    2622 |    6011 |  69.6 |      21 |      12 |  36.4
        D:9 |    2294 |       0 |   0.0 |      27 |       0 |   0.0
       D:10 |    2319 |    2377 |  50.6 |      22 |      11 |  33.3
       D:11 |    5951 |       0 |   0.0 |      16 |       0 |   0.0
       D:12 |    4977 |      12 |   0.2 |      26 |       4 |  13.3
       D:13 |    4961 |    2944 |  37.2 |      12 |      14 |  53.8
       D:14 |    8937 |    1016 |  10.2 |      22 |       1 |   4.3
       D:15 |    5986 |    5786 |  49.2 |      11 |      13 |  54.2
     Lair:1 |    6494 |       0 |   0.0 |      24 |       0 |   0.0
     Lair:2 |    7876 |    2425 |  23.5 |      36 |       7 |  16.3
     Lair:3 |    6306 |    1945 |  23.6 |      24 |       6 |  20.0
     Lair:4 |     742 |    2635 |  78.0 |       4 |      10 |  71.4
     Lair:5 |   14799 |    5374 |  26.6 |      37 |      20 |  35.1
   Shoals:1 |    9245 |    4772 |  34.0 |      19 |       6 |  24.0
   Shoals:2 |   20779 |       0 |   0.0 |      47 |       0 |   0.0
   Shoals:3 |    3839 |    3097 |  44.7 |       6 |       2 |  25.0
   Spider:1 |   15086 |       0 |   0.0 |      39 |       0 |   0.0
   Spider:2 |   15086 |    3971 |  20.8 |      43 |       9 |  17.3
   Spider:3 |   21825 |       0 |   0.0 |      47 |       0 |   0.0
   Spider:4 |   18763 |   19830 |  51.4 |      37 |      39 |  51.3
      Orc:1 |    3678 |       0 |   0.0 |      54 |       0 |   0.0
      Orc:2 |    2894 |    8510 |  74.6 |      19 |      55 |  74.3
   Vaults:1 |   14199 |   14491 |  50.5 |      20 |      19 |  48.7
   Vaults:2 |   40552 |   35243 |  46.5 |      58 |      45 |  43.7
   Vaults:3 |   38961 |    7932 |  16.9 |      62 |       8 |  11.4
   Vaults:4 |   24909 |   17809 |  41.7 |      34 |      21 |  38.2
            +---------+---------+-------+---------+---------+-------
